 Dungeon Crawl Stone Soup version 0.30.0-18-gc0e69614cb (webtiles) character file.

Game seed: 7229806256980976716

4501 twolf1369 the Severer (level 10, -5/77 HPs)
             Began as a Minotaur Fighter on May 24, 2023.
             Was a Priest of Okawaru.
             Slain by an orc warlord
             ... wielding a +5 executioner's axe
              (29 damage)
             ... in a bailey.
             The game lasted 00:14:21 (7123 turns).

twolf1369 the Severer (Minotaur Fighter)            Turns: 7123, Time: 00:14:22

Health: -5/77      AC: 19    Str: 23    XL:     10   Next: 16%
Magic:  12/14      EV:  8    Int:  7    God:    Okawaru [***...]
Gold:   1449       SH:  6    Dex: 10    Spells: 9/9 levels left

rFire   . . .        a - +1 broad axe (heavy)
rCold   . . .        c - +1 buckler
rNeg    . . .        h - +0 plate armour
rPois   .            (helmet restricted)
rElec   .            (no cloak)
rCorr   .            q - +0 pair of gloves
SInv    .            g - +3 pair of seven-league boots {Rampage+∞}
Will    .....        (no amulet) Stlth
                     (no ring)
HPRegen 0.32/turn    (no ring)
MPRegen 0.14/turn

%: rampage+∞
@: mighty, heroic, invisible (expiring)
A: horns 2, retaliatory headbutt
a: Renounce Religion, Heroism


You were in a bailey.
You worshipped Okawaru.
Okawaru was most pleased with you.
You visited 2 branches of the dungeon, and saw 8 of its levels.
You also visited: Ossuary and Bailey.

You collected 1449 gold pieces.

Inventory:

Hand Weapons
 a - a +1 heavy broad axe (weapon)
 b - a +1 morningstar of holy wrath
Missiles
 e - a throwing net (quivered)
 H - a boomerang
Armour
 c - a +1 buckler (worn)
 g - the +3 pair of seven-league boots (worn) {Rampage+∞}
   (You acquired it on level 1 of the Dungeon)

   Rampage+∞: When moving toward enemies, its wearer moves as far as possible,
   alerting their target en route.
 h - a +0 plate armour (worn)
 q - a +0 pair of gloves (worn)
Jewellery
 G - a ring of positive energy
Scrolls
 f - 2 scrolls of amnesia
 n - a scroll of immolation
 p - a scroll of enchant armour
 r - 3 scrolls of vulnerability
 t - a scroll of magic mapping
 u - a scroll of enchant weapon
 v - a scroll of fear {unknown}
 x - 2 scrolls of silence
 B - a scroll of brand weapon
 D - a scroll of poison
 E - a scroll of torment
Potions
 d - 4 potions of might
 i - 6 potions of curing
 j - 4 potions of mutation
 k - 3 potions of brilliance
 m - 3 potions of heal wounds {unknown}
 o - 2 potions of cancellation
 s - 4 potions of attraction
 w - a potion of ambrosia {unknown}
 z - a potion of berserk rage {unknown}
 A - 2 potions of flight
 C - 3 potions of lignification {unknown}
 F - 2 potions of haste {unknown}
 I - a potion of resistance {unknown}


   Skills:
 - Level 3.6(8.6) Fighting
 - Level 18.0(23.0) Axes
 - Level 3.6(8.6) Armour
 - Level 0.1(5.1) Dodging
 - Level 3.6(8.6) Shields
 + Level 7.9 Invocations


You had 9 spell levels left.
You didn't know any spells.
Your spell library contained the following spells:

 Spells                   Type           Power      Damage    Failure   Level
 Cigotuvi's Dreadful Rot  Necr/Pois/Air  0%         N/A       100%        2
 Poisonous Vapours        Pois/Air       0%         N/A       100%        2
 Mephitic Cloud           Conj/Pois/Air  0%         N/A       100%        3
 Dispel Undead            Necr           0%         3d6       100%        4
 Petrify                  Tmut/Erth      0%         N/A       100%        4
 Freezing Cloud           Conj/Ice/Air   0%         6-21      100%        5
 Metabolic Englaciation   Hex/Ice        0%         N/A       100%        5
 Statue Form              Tmut/Erth      0%         N/A       100%        6
 Death Channel            Necr           Unusable   N/A       N/A         6

Dungeon Overview and Level Annotations

Branches:
Dungeon (7/15)             Temple (1/1) D:4         Ossuary (visited)
 Bailey (1/1)

Altars:
Ashenzari
Cheibriados
Elyvilon
Fedhas
Hepliaklqana
Kikubaaqudgha
Makhleb
Nemelex Xobeh
Okawaru
Qazlal
Ru
Sif Muna
Vehumet
Wu Jian
Xom
Yredelemnul
Zin
The Shining One

Shops:
D:6 :

Annotations:
D:3 3 runed translucent doors, hamfred's ghost, amateur GnHs


Innate Abilities, Weirdness & Mutations

You have a pair of horns on your head.
You reflexively headbutt those who attack you in melee.


Message History

You have reached level 10!
You catch the helpless orc warrior completely off-guard!
You slice the orc warrior!!
The orc warrior is severely wounded.
You catch the helpless orc completely off-guard!
You slice the orc!!
You kill the orc!
Okawaru accepts your kill.
The orc warrior no longer looks unusually strong.
The orc warlord roars a battlecry!
The orcs go into a battle-frenzy!
You stride towards the orc knight!
You barely miss the orc knight. You slice the orc warrior!!
You kill the orc warrior!
Okawaru accepts your kill.
The orc no longer looks unusually strong.
You catch the helpless orc knight completely off-guard!
You hit the orc knight.
The orc knight is lightly wounded.
The orc warlord no longer looks unusually strong.
The orc knight barely misses you.
The orc warlord roars a battlecry!
The orc goes into a battle-frenzy!
The orc knight closely misses you.
You slice the orc knight!! Your headbutt misses the orc knight.
The orc knight is moderately wounded.
The orc knight hits you with a +3 war axe!
* * * LOW HITPOINT WARNING * * *
You open the orc knight like a pillowcase!!!
You headbutt the orc knight.
You kill the orc knight!
Okawaru is honoured by your kill.
You barely miss the orc. The orc barely misses you.
You slice the orc like a ripe choko!!!
You kill the orc!
Okawaru accepts your kill.
You hit the orc warlord but do no damage.
You flicker for a moment.
The orc warlord hits you with a +5 executioner's axe!!
You die...

##'####...........####'##
##.....##.........##.....##
#.......#.........#.))....#
##.......##.......##..)....##
#.........# ..... #.))......#
##.........## .g. ##.........##
#.....⌠.....###o###.....⌠.....#
##......)).##88o88##.........##
#......)..#..)@...#.........#
##.......##.......##.......##
#.......'.........'.......#
##.....##.........##.....##
#######.....⌠.....#######
##....)))..## #......)..#
##...)...## #.......#


You could see an orc warlord (unable to see you), an orc (strong, unable to see
you) and a goblin (unable to see you).

Vanquished Creatures
  An orc knight (Bailey)
  15 orc warriors
  A black bear (D:6)
  2 hornet zombies (Ossuary)
  An ice beast (D:6)
  A sky beast (D:6)
  A bullfrog (D:6)
  5 scorpions
  2 wyvern zombies (Ossuary)
  2 water moccasin zombies (Ossuary)
  A howler monkey (D:6)
  5 electric eels (D:6)
  3 bullfrog zombies (Ossuary)
  2 centaur zombies (Ossuary)
  A gnoll bouda (D:6)
  2 jellies
  7 orc priests
  A hound (D:6)
  An iguana (D:6)
  2 sleepcaps
  3 orc wizards
  3 killer bee zombies (Ossuary)
  16 mummies
  2 howler monkey zombies (Ossuary)
  9 adders
  10 gnolls
  A shadow imp (D:5)
  2 ufetubi
  3 worms
  28 orcs
  6 ball pythons
  5 bats
  4 endoplasms
  6 giant cockroaches
  15 goblins
  15 hobgoblins
  20 jackals
  A kobold (D:4)
  4 quokkas
  A frilled lizard (D:1)
  A goblin zombie (D:4)
  An orc zombie (D:4)
  4 rats
216 creatures vanquished.

Notes
Turn   | Place    | Note
-------+----------+-------------------------------------------
     0 | D:1      | twolf1369 the Minotaur Fighter began the quest for the Orb.
     0 | D:1      | Reached XP level 1. HP: 19/19 MP: 0/0
   112 | D:1      | Identified 3 scrolls of acquirement
   112 | D:1      | Acquired a manual of Axes
   113 | D:1      | Acquired the +3 pair of seven-league boots {Rampage+∞}
   113 | D:1      | Found the +3 pair of seven-league boots {Rampage+∞}
   114 | D:1      | Acquired 1098 gold pieces
   124 | D:1      | Reached skill level 3 in Axes
   155 | D:1      | Reached XP level 2. HP: 26/26 MP: 1/1
   162 | D:1      | Reached skill level 4 in Axes
   538 | D:1      | Reached skill level 5 in Axes
   826 | D:2      | Reached XP level 3. HP: 31/31 MP: 2/2
  1077 | D:2      | Reached skill level 6 in Axes
  1215 | D:2      | Reached XP level 4. HP: 38/39 MP: 3/3
  1256 | D:2      | Reached skill level 7 in Axes
  1337 | D:2      | Reached skill level 8 in Axes
  1529 | D:3      | Found a runed translucent gate.
  1529 | D:3      | Found a runed translucent gate.
  1529 | D:3      | Found a runed translucent gate.
  1537 | D:3      | Noticed hamfred's ghost (amateur GnHs)
  1552 | D:3      | Reached XP level 5. HP: 45/45 MP: 4/4
  1573 | D:3      | Found a glowing silver altar of Zin.
  2170 | D:4      | Reached skill level 9 in Axes
  2176 | D:4      | Found a white marble altar of Elyvilon.
  2296 | D:4      | Reached skill level 10 in Axes
  2298 | D:4      | Found a sand-covered staircase.
  2304 | Ossuary  | Entered an ossuary
  2313 | Ossuary  | Reached XP level 6. HP: 51/51 MP: 5/5
  2369 | Ossuary  | Reached skill level 11 in Axes
  2428 | Ossuary  | Reached skill level 12 in Axes
  2545 | Ossuary  | Reached XP level 7. HP: 48/57 MP: 6/6
  2568 | Ossuary  | Reached skill level 13 in Axes
  2839 | Ossuary  | Reached skill level 14 in Axes
  2960 | Ossuary  | Reached skill level 15 in Axes
  2960 | Ossuary  | Reached XP level 8. HP: 61/64 MP: 7/7
  3197 | D:4      | Found a staircase to the Ecumenical Temple.
  3218 | Temple   | Entered the Ecumenical Temple
  3276 | Temple   | Became a worshipper of Warmaster Okawaru
  3455 | D:4      | Found a stormy altar of Qazlal.
  3651 | D:4      | Found a glowing golden altar of the Shining One.
  3831 | D:5      | Entered Level 5 of the Dungeon
  4047 | D:5      | Reached skill level 1 in Invocations
  4577 | D:6      | Reached skill level 16 in Axes
  5110 | D:6      | Reached * piety under Okawaru
  5356 | D:6      | Reached XP level 9. HP: 70/70 MP: 10/10
  5412 | D:6      | Found Xixtot's Book Boutique.
  5858 | D:6      | Reached skill level 17 in Axes
  6638 | D:7      | Reached ** piety under Okawaru
  6657 | D:7      | Found a flagged portal.
  6670 | Bailey   | Entered a bailey
  6753 | Bailey   | Reached skill level 5 in Invocations
  6902 | Bailey   | Reached skill level 18 in Axes
  6968 | Bailey   | Reached *** piety under Okawaru
  7097 | Bailey   | Noticed an orc warlord
  7098 | Bailey   | Noticed an orc knight
  7115 | Bailey   | Reached XP level 10. HP: 30/77 MP: 11/14
  7119 | Bailey   | Killed an orc knight
  7123 | Bailey   | Slain by an orc warlord

Illustrated notes

Levels and vault maps discovered:
D:1:      spicycebolla_arrival_ecumenical, layout_loops_ring
D:2:      layout_basic
D:3:      layout_rooms, mainiacjoe_overflow_paths, gammafunk_ghost_necromancy
D:4:      layout_rooms, tso_metal_star, mainiacjoe_overflow_catwalk,
          elyvilon_altar_5, minmay_temple_entry_stoned_glass,
          nicolae_ossuary_entry_giza, minmay_misc_feat_square, minivault_4
D:5:      layout_basic
D:6:      kennysheep_six_static_rooms, layout_basic, serial_shops,
          nicolae_shop_stone, serial_bayou_lagoon_b
D:7:      layout_basic, enter_bailey_2
Temple:   kb_temple_of_zot
Bailey:   bailey_axe_minmay_hex_keep, bailey

Skill      XL: |  1  2  3  4  5  6  7  8  9 |
---------------+----------------------------+-----
Axes           | 3 5 6 8 10 12 15 16 18 | 18.0
Invocations    | 3 7 |  7.9
Fighting       | |  3.6
Armour         | |  3.6
Dodging        | |  0.1
Shields        | |  3.6

Action                     |  1- 3 |  4- 6 |  7- 9 | 10-12 || total
---------------------------+-------+-------+-------+-------++-------
  Melee: War axe           |    97 |   132 |   312 |       ||   541
         Headbutt          |    11 |    20 |    58 |     1 ||    90
         Broad axe         |       |       |    78 |     8 ||    86
 Invoke: Heroism           |       |       |     1 |       ||     1
    Use: Scroll            |    10 |     2 |    15 |       ||    27
         Potion            |       |       |     2 |       ||     2
   Stab: Invisible         |       |       |       |     3 ||     3
 Armour: Scale mail        |    26 |       |       |       ||    26
         Plate armour      |    42 |    63 |   149 |       ||   254
  Dodge: Dodged            |    39 |    25 |    71 |     3 ||   138
  Block: Buckler           |    17 |    23 |    75 |       ||   115
